 Dungeon Crawl Stone Soup version 0.30-a0-1123-gabc949cf19 (webtiles) character file.

Game seed: 11121199822763307832

1835 mandoloar the Insei (level 9, -8/91 HPs)
             Began as an Octopode Transmuter on Apr 23, 2023.
             Was a Believer of Cheibriados.
             Mangled by Maggie
             ... wielding a +1 heavy glaive
              (19 damage)
             ... on level 6 of the Dungeon.
             The game lasted 00:31:06 (8668 turns).

mandoloar the Insei (Octopode Transmuter)           Turns: 8668, Time: 00:31:07

Health: -8/91      AC: 24    Str: 14    XL:     9   Next: 11%
Magic:  14/14      EV:  2    Int: 25    God:    Cheibriados [**....]
Gold:   662        SH:  0    Dex: 17    Spells: 7/14 levels left

rFire   . .          .
                       - Unarmed
rCold   + + .        (no shield)
rNeg    + . .        (helmet currently unavailable)
rPois   +            (no amulet)
rElec   .            m - ring of positive energy
rCorr   .            p - ring of protection from cold
SInv    .            w - ring of protection from cold
Will    .....        x - ring of wizardry
Stlth   +            (no ring)
HPRegen 0.35/turn    (no ring)
MPRegen 0.14/turn    (no ring)
                     (no ring)

%: wizardry (x1)
@: confused, tree-form (expiring), ambrosia-drunk, mesmerised, studying Axes,
very slow
A: stationary, stasis, torment immunity, boosted hp, almost no armour,
(amphibious), 8 rings, (camouflage 1), (gelatinous body 1), (nimble swimmer 1),
(tentacles)
a: Renounce Religion, Bend Time


You were on level 6 of the Dungeon.
You worshipped Cheibriados.
Cheibriados was pleased with you.
You were a tree.
You visited 2 branches of the dungeon, and saw 7 of its levels.
You also visited: Ossuary.

You collected 662 gold pieces.

Inventory:

Missiles
 j - 50 stones
 k - 20 poisoned darts
 l - 7 boomerangs
 s - a throwing net
Jewellery
 m - a ring of positive energy (left branch)
 p - a ring of protection from cold (right branch)
 w - a ring of protection from cold (on tentacle)
 x - a ring of wizardry (on tentacle)
Wands
 n - a wand of digging (8)
 y - a wand of polymorph (14)
 z - a wand of acid (10)
Scrolls
 b - 5 scrolls of teleportation
 e - 3 scrolls of blinking
 h - a scroll of enchant weapon
 i - a scroll of identify
 r - a scroll of poison
 v - a scroll of immolation
Potions
 a - 2 potions of attraction
 c - 4 potions of invisibility
 d - 3 potions of resistance
 g - a potion of might
 o - 6 potions of curing
 q - a potion of ambrosia
 t - a potion of mutation {unknown}


   Skills:
 + Level 5.2 Fighting
 + Level 5.5 Dodging
 - Level 5.0 Stealth
 + Level 6.0 Unarmed Combat
 + Level 3.4 Spellcasting
 + Level 3.7 Transmutations
 + Level 2.0 Ice Magic
 + Level 3.0 Invocations


You had 7 spell levels left.
You knew the following spells:

 Your Spells              Type           Power      Damage    Failure   Level
a - Beastly Appendage     Tmut           46%        N/A       1%          1
b - Wereblood             Tmut           23%        N/A       1%          2
c - Ice Form              Ice/Tmut       18%        N/A       12%         4

Your spell library contained the following spells:

 Spells                   Type           Power      Damage    Failure   Level
 Freeze                   Ice            56%        1d7       1%          1
 Summon Small Mammal      Summ           16%        N/A       4%          1
 Ensorcelled Hibernation  Hex/Ice        18%        N/A       4%          2
 Frozen Ramparts          Ice            28%        1d5       5%          3
 Blink                    Tloc           8%         N/A       6%          2
 Cigotuvi's Dreadful Rot  Necr/Pois/Air  8%         N/A       6%          2
 Lesser Beckoning         Tloc           8%         N/A       6%          2
 Momentum Strike          Conj/Tloc      8%         3d8       6%          2
 Poisonous Vapours        Pois/Air       8%         N/A       6%          2
 Sublimation of Blood     Necr           4%         N/A       6%          2
 Spider Form              Tmut/Pois      13%        N/A       6%          3
 Hailstorm                Conj/Ice       9%         3d4       8%          3
 Call Canine Familiar     Summ           4%         N/A       12%         3
 Gell's Gravitas          Tloc           4%         N/A       12%         3
 Mephitic Cloud           Conj/Pois/Air  4%         N/A       12%         3
 Summon Guardian Golem    Hex/Summ       4%         N/A       12%         3
 Teleport Other           Tloc           4%         N/A       12%         3
 Anguish                  Hex/Necr       2%         N/A       34%         4
 Dispel Undead            Necr           4%         3d7       34%         4
 Alistair's Intoxication  Tmut/Pois      8%         N/A       43%         5
 Freezing Cloud           Conj/Ice/Air   3%         6-21      58%         5
 Borgnjor's Vile Clutch   Necr/Erth      2%         N/A       69%         5
 Eringya's Noxious Bog    Tmut/Pois      6%         N/A       93%         6
 Death Channel            Necr           2%         N/A       99%         6
 Dispersal                Tloc           2%         N/A       99%         6
 Summon Hydra             Summ           2%         N/A       100%        7


Dungeon Overview and Level Annotations

Branches:
Dungeon (6/15)             Temple (1/1) D:5         Ossuary (visited)

Altars:
Ashenzari
Cheibriados
Dithmenos
Elyvilon
Gozag
Hepliaklqana
Kikubaaqudgha
Makhleb
Okawaru
Qazlal
Ru
Sif Muna
Trog
Uskayaw
Vehumet
Wu Jian
Yredelemnul
Zin

Shops:
D:5 (

Annotations:
D:6 1 runed translucent door, Crazy Yiuf, Maggie


Innate Abilities, Weirdness & Mutations

You are a tree.
Your roots penetrate the ground, keeping you stationary.
You cannot be teleported.
You are immune to unholy pain and torment.
Your maximum health is greatly increased.
You cannot wear most types of armour.
((You are amphibious.))
You can wear up to eight rings at the same time.
((Your skin changes colour to match your surroundings (Stealth+).))
((Your rubbery body absorbs attacks. (AC +1, EV +1)))
((You are camouflaged when in or above water. (Stealth+)))
((You have tentacles for arms and can constrict up to eight enemies at once.))


Message History

Maggie is lightly wounded.
You hit Maggie.
Maggie is lightly wounded.
Maggie hits you but does no damage.
You barely miss Maggie.
Maggie is lightly wounded.
You barely miss Maggie.
Maggie is lightly wounded.
Maggie hits you with a +1 heavy glaive!
* * * LOW HITPOINT WARNING * * *
You feel much better. Maggie hits you but does no damage.
You feel much better.
You barely miss Maggie. You punch Maggie, but do no damage.
Maggie is lightly wounded.
Your transformation is almost over.
Maggie casts a spell at you. The bolt of fire hits you!
* * * LOW HITPOINT WARNING * * *
You pummel Maggie!!
Maggie is heavily wounded.
Maggie hits you but does no damage.
You hit Maggie but do no damage.
Maggie is heavily wounded.
You hit Maggie.
Maggie is heavily wounded.
Maggie hits you with a +1 heavy glaive!
* * * LOW HITPOINT WARNING * * *
You hit Maggie but do no damage.
Maggie is heavily wounded.
Maggie casts a spell.
Maggie attempts to bespell you!
You are mesmerised by Maggie!
You barely miss Maggie.
Maggie is heavily wounded.
Maggie hits you with a +1 heavy glaive!
* * * LOW HITPOINT WARNING * * *
You are confused.
You feel invigorated.
Maggie hits you with a +1 heavy glaive!!
You die...

#..#####..##
#..#####.#.##
.........###.#
###........#.##
.....####.## ##...#
#.# ##.## #.# #@#
#.######## #♣#
#........# ##'##
########.# ##...## #.#
##.....## ### #.#
#.......## ##.###.#
#.........####...##.#
+.........'.......#.##
#.........####........
##.......## #..##..##


You could see Maggie (mesmerising).

Vanquished Creatures
  Grinder (D:5)
  An orc warrior (D:6)
  A black bear (D:4)
  An ice beast (D:6)
  An ogre (D:5)
  A phantom (D:4)
  2 kobold brigands
  A gnoll sergeant (D:5)
  5 scorpions
  An iron imp (D:3)
  3 orc priests
  4 iguanas
  5 orc wizards
  A sleepcap (D:5)
  9 mummies
  A gnoll (D:3)
  6 adders
  2 ufetubi (D:5)
  2 worms
  A dart slug (D:3)
  16 orcs
  9 ball pythons
  11 endoplasms
  2 gnoll zombies (Ossuary)
  14 goblins
  7 hobgoblins
  11 jackals
  12 kobolds
  A quokka (D:3)
  8 bats
  3 frilled lizards
  A goblin zombie (D:5)
  4 kobold zombies (Ossuary)
  3 orc zombies
  6 rats
157 creatures vanquished.

Vanquished Creatures (others)
  4 fungi (D:5)
  4 toadstools (D:5)
8 creatures vanquished.

Grand Total: 165 creatures vanquished

Notes
Turn   | Place    | Note
-------+----------+-------------------------------------------
     0 | D:1      | mandoloar the Octopode Transmuter began the quest for the
                  | Orb.
     0 | D:1      | Reached XP level 1. HP: 13/13 MP: 3/3
    71 | D:1      | Found a faded altar of an unknown god.
   311 | D:1      | Reached XP level 2. HP: 12/18 MP: 3/5
   354 | D:1      | Reached skill level 1 in Stealth
   360 | D:1      | Learned a level 2 spell: Wereblood
   500 | D:1      | You fall into a shaft and drop 1 floor!
   500 | D:2      | Found an ornate altar of the Wu Jian Council.
   564 | D:2      | Reached XP level 3. HP: 23/23 MP: 4/6
  1493 | D:2      | Reached XP level 4. HP: 29/29 MP: 3/7
  2278 | D:3      | Found a snail-covered altar of Cheibriados.
  2696 | D:3      | Reached XP level 5. HP: 16/35 MP: 3/8
  2909 | D:3      | Became a worshipper of Cheibriados the Contemplative
  2990 | D:4      | Reached skill level 4 in Unarmed Combat
  3101 | D:4      | Reached XP level 6. HP: 41/41 MP: 4/9
  3417 | D:4      | Found a shadowy altar of Dithmenos.
  3419 | D:4      | Noticed a black bear
  3439 | D:4      | HP: 3/61 [black bear (4)]
  3440 | D:4      | Killed a black bear
  3923 | D:4      | Found Zin's Purification Station.
  3962 | D:4      | Found a glowing silver altar of Zin.
  4276 | D:4      | Reached XP level 7. HP: 44/46 MP: 6/10
  4487 | D:4      | Reached skill level 5 in Stealth
  4665 | D:5      | Entered Level 5 of the Dungeon
  4891 | D:5      | Found a staircase to the Ecumenical Temple.
  4923 | D:5      | Found a sand-covered staircase.
  4957 | Ossuary  | Entered an ossuary
  4977 | Ossuary  | Reached * piety under Cheibriados
  5018 | Ossuary  | HP: 2/47 [mummy (15)]
  5021 | Ossuary  | Reached skill level 5 in Unarmed Combat
  5675 | D:5      | Found a sacrificial altar of Ru.
  5737 | D:5      | Found Osiatz's Weapon Shoppe.
  5946 | D:5      | Learned a level 4 spell: Ice Form
  6079 | D:5      | HP: 2/48 [gnoll sergeant/+0 spear (6)]
  6319 | D:5      | Reached skill level 1 in Invocations
  6319 | D:5      | Reached XP level 8. HP: 33/54 MP: 8/11
  6858 | D:5      | Reached skill level 5 in Dodging
  7316 | Temple   | Entered the Ecumenical Temple
  7722 | D:6      | Noticed Grinder
  7758 | D:6      | Paralysed by Grinder for 5 turns
  7766 | D:6      | Paralysed by Grinder for 3 turns
  7824 | D:5      | Paralysed by Grinder for 3 turns
  7837 | D:5      | Killed Grinder
  7837 | D:5      | Reached ** piety under Cheibriados
  7838 | D:5      | Reached skill level 1 in Ice Magic
  7984 | D:6      | Reached skill level 5 in Fighting
  8090 | D:6      | Reached XP level 9. HP: 61/61 MP: 7/13
  8161 | D:6      | Reached skill level 6 in Unarmed Combat
  8283 | D:6      | Found a runed translucent door.
  8284 | D:6      | Noticed Crazy Yiuf
  8645 | D:6      | Noticed Maggie
  8650 | D:6      | HP: 3/73 [Maggie/+1 heavy glaive (23)]
  8666 | D:6      | HP: 1/91 [Maggie/+1 heavy glaive (13)]
  8668 | D:6      | Mangled by Maggie

Illustrated notes

Levels and vault maps discovered:
D:1:      wander_arrival_lonely_grave, layout_basic,
          ebering_ecumenical_altar_abandoned
D:2:      layout_rooms, basic_altar
D:3:      minmay_chambers_of_threes, layout_basic, chei_slow_surprise,
          nicolae_figureground_sparkle
D:4:      layout_loops_ring, nicolae_dithmenos_through_a_glass_darkly,
          zin_purify
D:5:      layout_basic, mainiacjoe_overflow_24_doors, temple_doors_ab,
          nicolae_ossuary_entry_giza, serial_shops, nicolae_shop_behind_doors,
          minmay_gold_behind_fungi, minmay_manual_mail
D:6:      layout_loops_corners, fedhas_altar_2, uniq_crazy_yiuf_cottage,
          uniq_grinder, uniq_maggie
Temple:   nicolae_temple_two_arcs

Skill      XL: |  1  2  3  4  5  6  7  8  9 |
---------------+----------------------------+-----
Stealth        | 1 2 3 4 5 |  5.0
Fighting       | 2 3 4 5 |  5.2
Dodging        | 3 4 5 |  5.5
Unarmed Combat | 4 5 6 |  6.0
Invocations    | 1 2 3 |  3.0
Transmutations | 3 |  3.7
Spellcasting   | 3 |  3.4
Ice Magic      | 1 2 |  2.0

Action                     |  1- 3 |  4- 6 |  7- 9 || total
---------------------------+-------+-------+-------++-------
  Melee: Unarmed           |    69 |    94 |   192 ||   355
         Kick              |    23 |    25 |    52 ||   100
         Constrict         |    19 |    31 |    29 ||    79
         Tentacles         |    14 |    24 |    36 ||    74
         Punch             |     2 |     5 |     4 ||    11
  Throw: Dart              |     2 |    13 |     3 ||    18
         Stone             |       |     4 |     5 ||     9
         Boomerang         |       |     1 |       ||     1
   Cast: Beastly Appendage |    27 |    28 |    27 ||    82
         Wereblood         |    11 |    32 |    29 ||    72
         Ice Form          |       |       |     9 ||     9
    Use: Scroll            |       |    10 |     7 ||    17
         Potion            |       |     1 |     8 ||     9
   Stab: Sleeping          |     3 |     4 |     2 ||     9
 Armour: Skin              |    10 |     4 |    29 ||    43
  Dodge: Dodged            |    32 |    55 |    85 ||   172

Table legend: (Time is in decaauts)
 A = Elapsed time spent in this place.
 B = Non-inter-level travel time spent in this place.
 C = Inter-level travel time spent in this place.
 D = Time resting spent in this place.
 E = Time spent auto-exploring this place.
 F = Levels seen in this place.
 G = Mean time per level.
                   A        B        C        D        E       F      G
               +--------+--------+--------+--------+--------+-----+--------+
         Total |   9678 |   8904 |    774 |   1791 |   5436 |   8 | 1209.8 |
       Dungeon |   8952 |   8199 |    753 |   1614 |   5084 |   6 | 1492.0 |
        Temple |    159 |    139 |     20 |      0 |    126 |   1 |  159.0 |
       Ossuary |    565 |    565 |      0 |    177 |    225 |   1 |  565.0 |
               +--------+--------+--------+--------+--------+-----+--------+

Top non-repeatable levels by time:
     D:4: 2263 daAuts
     D:5: 2261 daAuts
     D:3: 1443 daAuts
     D:6: 1216 daAuts
     D:1: 905 daAuts
     D:2: 861 daAuts
 Ossuary: 565 daAuts
  Temple: 159 daAuts
